 Dungeon Crawl Stone Soup version 0.24.1-8-ga250c9d538 (webtiles) character file.

Game seed: 13700681120149473337, levelgen mode: deterministic

36 Hugehornet the Insei (level 3, -1/23 HPs)
             Began as an Octopode Transmuter on May 8, 2020.
             Slain by an iguana (11 damage)
             ... on level 2 of the Dungeon.
             The game lasted 00:02:21 (1166 turns).

Hugehornet the Insei (Octopode Transmuter)          Turns: 1166, Time: 00:02:21

Health: -1/23      AC:  2    Str:  9    XL:     3   Next: 37%
Magic:  2/6        EV: 19    Int: 16    God:
Gold:   56         SH:  0    Dex: 17    Spells: 1/7 levels left

rFire    . . .     SeeInvis .     - Unarmed
rCold    . . .     Gourm    .   (shield currently unavailable)
rNeg     . . .     Faith    .   (helmet currently unavailable)
rPois    x         Spirit   .   (no amulet)
rElec    .         Reflect  .   d - ring of wizardry
rCorr    .         Harm     .   (no ring)
MR       .....                  (no ring)
Stlth    ++........             (no ring)
HPRegen  0.07/turn              (no ring)
MPRegen  0.10/turn              (no ring)
                                (no ring)
                                (no ring)

@: spider-form (expiring)
A: tiny, almost no armour, stealthy swim, (amphibious), 8 rings, (constrict 8)
a: End Transformation


You were on level 2 of the Dungeon.
You were not hungry.
You were a venomous arachnid creature.
You visited 1 branch of the dungeon, and saw 2 of its levels.

You collected 56 gold pieces.

Inventory:

Missiles
 a - 12 arrows
Jewellery
 d - a ring of wizardry (left front leg)
Wands
 g - a wand of random effects (14)
Scrolls
 b - 3 scrolls of magic mapping {unknown}
 h - a scroll of identify {unknown}
Potions
 e - a potion of agility {unknown}
 f - 2 potions of magic {unknown}
Comestibles
 c - a ration


   Skills:
 - Level 1.0 Fighting
 - Level 2.0 Dodging
 + Level 3.0 Unarmed Combat
 + Level 2.6 Spellcasting
 - Level 3.0 Transmutations
 * Level 0.6 Poison Magic


You had one spell level left.
You knew the following spells:

 Your Spells              Type           Power        Failure   Level  Hunger
a - Beastly Appendage     Tmut           ##....       7%          1    #......
b - Sticks to Snakes      Tmut           ##......     9%          2    ##.....
c - Spider Form           Tmut/Pois      #.........   22%         3    ###....

Your spell library contained the following spells:

 Spells                   Type           Power        Failure   Level  Hunger
 Ice Form                 Ice/Tmut       #.......     54%         4    #####..
 Blade Hands              Tmut           ##........   67%         5    ######.


Dungeon Overview and Level Annotations

Branches:
Dungeon (2/15)

Altars:


Innate Abilities, Weirdness & Mutations

You cannot wear most types of armour.
You are very stealthy in the water. (Stealth+)
((You are amphibious.))
You can wear up to eight rings at the same time.
((You can use your tentacles to constrict eight enemies at once.))
((Your skin changes colour to match your surroundings (Stealth+).))
((Your rubbery body absorbs attacks. (AC +1, EV +1)))


Message History

Confirm with . or Enter, or press ? or * to list all spells.
Your tentacle spike disappears.
You turn into a venomous arachnid creature.
You hit the iguana.
The iguana is poisoned.
The iguana is moderately wounded.
The iguana completely misses you.
You hit the iguana but do no damage.
The iguana is moderately wounded.
The iguana misses you.
You hit the iguana but do no damage.
The iguana looks as sick as possible!
The iguana is moderately wounded.
The iguana bites you!
Ouch! That really hurt!
You are too injured to fight recklessly!
You are too injured to fight recklessly!
You hit the iguana.
The iguana looks as sick as possible!
The iguana is heavily wounded.
Your transformation is almost over.
The iguana bites you!
You die...

#. #. #.# #.#
#.#############
#.#.......<...#
##.#.#########.#
##..s.# #.#
#...l.# #.#
#.###....#
####.# #.....÷.#
#...<#
#.####.###
#.##.# #.#
#.##.# ##'##
#.##.# ##...##
#.#.†# ##.....##
#.#..#


You could see an iguana.

Vanquished Creatures
  2 dart slugs (D:1)
  A giant cockroach (D:1)
  3 goblins (D:1)
  6 hobgoblins
  7 jackals (D:1)
  2 bats
  3 frilled lizards (D:1)
  A kobold (D:1)
  4 rats
29 creatures vanquished.

Notes
Turn   | Place    | Note
-------+----------+-------------------------------------------
     0 | D:1      | Hugehornet the Octopode Transmuter began the quest for the
                  | Orb.
     0 | D:1      | Reached XP level 1. HP: 13/13 MP: 3/3
     2 | D:1      | Noticed a merfolk zombie
     8 | D:1      | Noticed a merfolk zombie
    14 | D:1      | Noticed a minotaur zombie
    16 | D:1      | Noticed a minotaur zombie
   196 | D:1      | Reached XP level 2. HP: 8/18 MP: 3/5
   207 | D:1      | Learned a level 2 spell: Sticks to Snakes
   674 | D:1      | Reached XP level 3. HP: 16/23 MP: 4/6
   792 | D:1      | Learned a level 3 spell: Spider Form
  1166 | D:2      | Slain by an iguana

Levels and vault maps discovered:
D:1:      shiori_arrival_whats_in_store_for_you, layout_loops_ring,
          kennysheep_doodads, nrook_mini_vaults
D:2:      layout_loops_corners, marbit_many_paths, evilmike_ruin_ashenzari,
          first_ration, okawaru_metal_pillars_1_2, uniq_natasha, uniq_robin

Skill      XL: |  1  2 |
---------------+-------+-----
Transmutations | 3 |  3.0
Fighting       | |  1.0
Dodging        | |  2.0
Unarmed Combat | |  3.0
Spellcasting   | |  2.6
Poison Magic   | |  0.6

Action                   || total
-------------------------++-------
Melee: Unarmed           ||    60
       Kick              ||     9
       Constrict         ||    13
       Tentacles         ||     6
       Punch             ||     3
 Cast: Beastly Appendage ||    15
       Spider Form       ||     1
 Stab: Sleeping          ||     6
  Eat: Chunk             ||     1
Armor: Skin              ||     4
Dodge: Dodged            ||    24
